 Dungeon Crawl Stone Soup version 0.26-a0-639-g72c4674329 (webtiles) character file.

Game seed: 13323714089747154854

10753 Gottschkopf the Fighter (level 11, 0/103 HPs)
             Began as a Red Draconian Transmuter on Sept 18, 2020.
             Was a High Priest of Sif Muna.
             Slain by a wight
             ... wielding a +3 great sword of freezing
              (5 damage)
             ... on level 11 of the Dungeon.
             The game lasted 00:29:25 (12556 turns).

Gottschkopf the Fighter (Red Draconian Transmuter) Turns: 12556, Time: 00:29:26

Health: 0/103      AC: 12    Str: 12    XL:     11   Next: 40%
Magic:  10/14      EV: 12    Int: 16    God:    Sif Muna [*****.]
Gold:   492        SH:  0    Dex: 13    Spells: 3/14 levels left

rFire    + . .     SeeInvis .     - Unarmed
rCold    . . .     Faith    .   (no shield)
rNeg     . . .     Spirit   .   (armour unavailable)
rPois    .         Reflect  .   (helmet restricted)
rElec    .         Harm     .   b - +0 cloak
rCorr    .         Rampage  .   (no gloves)
MR       .....     Rnd*Tele +   (no boots)
Stlth    +.........             (no amulet)
HPRegen  0.00/turn              m - +4 ring of protection
MPRegen  0.14/turn              (no ring)

@: wereblooded, slowed, heavily drained, very slow
A: breathe fire, unfitting armour, fire resistance 1, mutation resistance 1,
inhibited regeneration, teleportitis 1, cold-blooded, AC +7
a: Breathe Fire, Channel Magic, Forget Spell, Divine Exegesis, Renounce Religion


You were on level 11 of the Dungeon.
You worshipped Sif Muna.
Sif Muna was extremely pleased with you.
You visited 1 branch of the dungeon, and saw 11 of its levels.
You also visited: Ossuary.

You collected 713 gold pieces.
You spent 221 gold pieces at shops.

Inventory:

Armour
 b - a +0 cloak (worn)
 e - a +0 buckler
Jewellery
 m - a +4 ring of protection (left hand)
Wands
 a - a wand of disintegration (10)
 k - a wand of polymorph (12)
 o - a wand of iceblast (10)
 y - a wand of enslavement (12)
 A - a wand of flame (6)
 E - a wand of paralysis (5)
Scrolls
 c - 2 scrolls of blinking {unknown}
 g - 8 scrolls of teleportation
 h - 4 scrolls of enchant weapon {unknown}
 l - 6 scrolls of remove curse
 n - 3 scrolls of immolation {unknown}
 p - 7 scrolls of fog
 q - 2 scrolls of fear {unknown}
 s - 5 scrolls of amnesia {unknown}
 x - 2 scrolls of identify
 B - 2 scrolls of magic mapping {unknown}
 C - a scroll of vulnerability {unknown}
Potions
 d - 3 potions of flight
 f - a potion of lignification
 j - 9 potions of curing
 r - 2 potions of haste
 t - 4 potions of cancellation
 u - 2 potions of ambrosia
 v - a potion of magic
 w - 6 potions of might
 z - a potion of brilliance
 F - a potion of heal wounds
Miscellaneous
 i - a phial of floods


   Skills:
 - Level 11.6(8.4) Fighting
 - Level 4.3(1.7) Dodging
 - Level 10.0(6.9) Unarmed Combat
 + Level 2.3(0.0) Spellcasting
 - Level 10.2(7.2) Transmutations
 - Level 1.5(0.0) Poison Magic


You had 3 spell levels left.
You knew the following spells:

 Your Spells              Type           Power        Failure   Level
a - Blade Hands           Tmut           ###.......   36%         5
b - Spider Form           Tmut/Pois      ##........   17%         3
c - Wereblood             Tmut           ###.....     1%          2
d - Beastly Appendage     Tmut           ###...       1%          1

Your spell library contained the following spells:

 Spells                   Type           Power        Failure   Level
 Corona                   Hex            #......      26%         1
 Ensorcelled Hibernation  Hex/Ice        #.....       36%         2
 Confusing Touch          Hex            #.......     58%         3
 Dazzling Flash           Conj/Hex       #.....       58%         3
 Tukima's Dance           Hex            #.......     58%         3
 Ice Form                 Ice/Tmut       ##......     50%         4


Dungeon Overview and Level Annotations

Branches:
Dungeon (11/15)            Temple (0/1) D:5         Ossuary (visited)
   Lair: D:8-11         Orc: D:9-12

Altars:
Ashenzari
Dithmenos
Elyvilon
Gozag
Kikubaaqudgha
Makhleb
Nemelex Xobeh
Okawaru
Qazlal
Ru
Sif Muna
Trog
Xom
The Shining One
Beogh

Shops:
D:5 ?   D:6 [*   D:7 :   D:8 !

Annotations:
D:9 3 runed translucent doors, mandick's ghost, novice BaWn


Innate Abilities, Weirdness & Mutations

You can breathe blasts of fire.
Your fiery red scales are hard. (AC +7)
You cannot fit into any form of body armour.
Your flesh is heat resistant. (rF+)
You are cold-blooded and may be slowed by cold attacks.
You are somewhat resistant to further mutation.
You do not regenerate when monsters are visible.
You are occasionally teleported next to monsters.


Message History

The wight freezes you.
* * * LOW HITPOINT WARNING * * *
You slash the wight!
You tail-slap the wight, but do no damage.
The wight is heavily damaged.
The wight barely misses you.
You barely miss the wight.
The wight is heavily damaged.
Your hands revert to their normal proportions.
The wight hits you with a +3 great sword of freezing.
* * * LOW HITPOINT WARNING * * *
You feel drained.
* * * LOW HITPOINT WARNING * * *
You feel yourself slow down. The wight freezes you.
* * * LOW HITPOINT WARNING * * *
You barely miss the wight.
The wight is heavily damaged.
The wight closely misses you.
The wight hits you with a +3 great sword of freezing.
You die...

... #.##.#
...##.#..#
.........
#......
###...... .
........# ..
#....zz# ...
#)@## ....
#.).#.....
####:.......
#...<.......
.......#.......
......# #......
.#..## #....#
##. #.... .
....


You could see 2 wights.

Vanquished Creatures
  Fannar (D:10)
  A two-headed ogre (D:9)
  A centaur warrior (D:9)
  2 hippogriffs
  7 yaks (D:10)
  Eustachio (D:4)
  Edmund (D:6)
  Duvessa (D:6)
  4 ice beasts
  A hornet zombie (D:8)
  3 orc warriors
  3 phantoms
  5 sky beasts
  11 ogres
  2 eyes of draining (D:9)
  2 necrophages
  4 centaurs
  2 big kobolds (D:8)
  11 bullfrogs
  2 elf zombies (Ossuary)
  2 scorpions
  Dowan (D:6)
  13 killer bees
  23 wights
  2 centaur zombies
  2 bullfrog skeletons
  2 hounds
  6 orc priests
  A quasit (D:10)
  Crazy Yiuf (D:2)
  3 jellies
  A centaur skeleton (D:7)
  Jessica (D:2)
  9 orc wizards
  2 iguanas
  5 worker ants
  2 big kobold zombies (Ossuary)
  A hound zombie (D:8)
  3 hound skeletons
  A howler monkey zombie (D:5)
  2 mummies (Ossuary)
  Robin (D:4)
  A worker ant zombie (D:7)
  A howler monkey skeleton (D:7)
  5 adders
  3 shadow imps
  A white imp (D:5)
  4 ufetubi
  An ooze (D:6)
  An adder zombie (D:6)
  2 worms (D:2)
  A dart slug (D:1)
  4 leopard geckos
  26 orcs
  A ball python (D:3)
  6 giant cockroaches
  17 goblins
  7 hobgoblins
  11 jackals
  5 quokkas
  6 bats
  5 frilled lizards
  A goblin zombie (Ossuary)
  3 hobgoblin zombies (Ossuary)
  2 jackal zombies (Ossuary)
  14 kobolds
  11 kobold zombies (Ossuary)
  A leopard gecko skeleton (D:4)
  14 orc zombies (Ossuary)
  A quokka skeleton (D:6)
  3 rats
  A rat zombie (Ossuary)
308 creatures vanquished.

Vanquished Creatures (others)
  A fungus (D:2)
  25 plants
26 creatures vanquished.

Grand Total: 334 creatures vanquished

Notes
Turn   | Place    | Note
-------+----------+-------------------------------------------
     0 | D:1      | Gottschkopf the Draconian Transmuter began the quest for
                  | the Orb.
     0 | D:1      | Reached XP level 1. HP: 16/16 MP: 3/3
   194 | D:1      | Reached XP level 2. HP: 11/23 MP: 3/5
  1006 | D:1      | Reached XP level 3. HP: 28/28 MP: 4/6
  1011 | D:1      | Learned a level 3 spell: Spider Form
  1014 | D:1      | Learned a level 2 spell: Wereblood
  1284 | D:2      | Found an ancient bone altar of Kikubaaqudgha.
  1360 | D:2      | Noticed Jessica
  1381 | D:2      | Killed Jessica
  1381 | D:2      | Reached skill level 1 in Poison Magic
  1381 | D:2      | Reached XP level 4. HP: 7/35 MP: 2/7
  2032 | D:2      | Found a runed translucent door.
  2033 | D:2      | Noticed Crazy Yiuf
  2042 | D:2      | Killed Crazy Yiuf
  2518 | D:3      | Reached XP level 5. HP: 40/40 MP: 6/8
  2810 | D:3      | Found a shimmering altar of Xom.
  3178 | D:4      | Noticed an ogre
  3178 | D:4      | Noticed a centaur
  3191 | D:4      | Killed a centaur
  3191 | D:4      | Reached skill level 5 in Unarmed Combat
  3191 | D:4      | Reached XP level 6. HP: 30/47 MP: 4/9
  3393 | D:4      | Found a white marble altar of Elyvilon.
  3439 | D:4      | Noticed Eustachio
  3448 | D:4      | Killed Eustachio
  3510 | D:4      | Noticed Robin
  3524 | D:4      | Killed Robin
  3524 | D:4      | Your scales start taking on a fiery red colour.
  3524 | D:4      | Reached XP level 7. HP: 52/52 MP: 6/10
  3524 | D:4      | Gained mutation: Your flesh is heat resistant. (rF+) [Red
                  | Draconian growth]
  3526 | D:4      | Found an opulent altar of Gozag.
  3851 | D:4      | Found an iron altar of Okawaru.
  3851 | D:4      | Found a sacrificial altar of Ru.
  3859 | D:4      | Became a worshipper of Ru the Awakened
  3907 | D:5      | Entered Level 5 of the Dungeon
  4175 | D:5      | Found Iwuun's Magic Scroll Shoppe.
  4178 | D:5      | Bought a scroll of random uselessness for 13 gold pieces
  4178 | D:5      | Bought a scroll of teleportation for 39 gold pieces
  4178 | D:5      | Bought a scroll of remove curse for 39 gold pieces
  4178 | D:5      | Bought a scroll of fog for 26 gold pieces
  4178 | D:5      | Bought a scroll of identify for 26 gold pieces
  4178 | D:5      | Bought a scroll of identify for 26 gold pieces
  4742 | D:5      | Found a shimmering blue altar of Sif Muna.
  4805 | D:5      | Found a staircase to the Ecumenical Temple.
  4841 | D:5      | Fell from the grace of Ru
  4841 | D:5      | Became a worshipper of Sif Muna the Loreminder
  4872 | D:5      | Found a glowing golden altar of the Shining One.
  4882 | D:5      | Found a faded altar of an unknown god.
  5046 | D:6      | Reached XP level 8. HP: 53/59 MP: 9/11
  5070 | D:6      | Found a sand-covered staircase.
  5094 | Ossuary  | Entered an ossuary
  5216 | Ossuary  | Reached * piety under Sif Muna
  5461 | D:6      | Noticed Edmund
  5481 | D:6      | Killed Edmund
  5481 | D:6      | Reached skill level 10 in Unarmed Combat
  5650 | D:6      | Reached skill level 5 in Transmutations
  6235 | D:6      | Reached ** piety under Sif Muna
  6237 | D:6      | Reached XP level 9. HP: 63/64 MP: 6/12
  6253 | D:6      | Found a shattered altar of Ashenzari.
  6531 | D:6      | Found Puenireo's Antique Armour Shop.
  6765 | D:6      | Noticed Duvessa
  6766 | D:6      | Noticed Dowan
  6776 | D:6      | Killed Duvessa
  6782 | D:6      | Killed Dowan
  6790 | D:6      | Found Vyuseif's Assorted Antiques.
  8342 | D:7      | Found Pierph's Book Shop.
  8378 | D:8      | Found Baufidi's Distillery.
  8380 | D:8      | Found a stormy altar of Qazlal.
  8382 | D:8      | Reached skill level 10 in Transmutations
  8391 | D:8      | Bought a potion of brilliance for 52 gold pieces
  8550 | D:8      | Found a sparkling altar of Nemelex Xobeh.
  8629 | D:8      | Learned a level 5 spell: Blade Hands
  8758 | D:8      | Reached skill level 2 in Fighting
  8948 | D:8      | Found a shadowy altar of Dithmenos.
  8965 | D:8      | Reached *** piety under Sif Muna
  8965 | D:8      | Reached skill level 3 in Fighting
  8993 | D:8      | Reached XP level 10. HP: 62/78 MP: 4/13
  9126 | D:8      | Reached skill level 4 in Fighting
  9368 | D:8      | Reached skill level 5 in Fighting
  9425 | D:8      | Found a bloodstained altar of Trog.
  9803 | D:9      | Reached skill level 6 in Fighting
  9890 | D:9      | Reached skill level 7 in Fighting
 10014 | D:9      | Noticed a centaur warrior
 10024 | D:9      | Killed a centaur warrior
 10024 | D:9      | Reached skill level 8 in Fighting
 10027 | D:9      | HP: 3/89 [hippogriff (8)]
 10044 | D:9      | Reached skill level 9 in Fighting
 10071 | D:10     | Entered Level 10 of the Dungeon
 10079 | D:10     | Reached **** piety under Sif Muna
 10572 | D:9      | HP: 1/93 [poisoned by a killer bee]
 10580 | D:9      | HP: 6/139 [killer bee (3)]
 10586 | D:9      | Reached skill level 10 in Fighting
 10591 | D:9      | HP: 5/139 [bullfrog (3)]
 11010 | D:9      | Found a runed translucent gate.
 11011 | D:9      | Found a runed translucent gate.
 11012 | D:9      | Found a runed translucent gate.
 11014 | D:9      | Noticed mandick's ghost (novice BaWn)
 11071 | D:9      | Identified the +6 glaive of Cheibriados's Delight {protect,
                  | rC++ Stlth+}
 11072 | D:9      | Found a roughly hewn altar of Beogh.
 11097 | D:9      | Noticed a two-headed ogre
 11103 | D:9      | Killed a two-headed ogre
 11103 | D:9      | Reached XP level 11. HP: 101/101 MP: 8/14
 11145 | D:9      | Found a burning altar of Makhleb.
 11466 | D:10     | Reached skill level 11 in Fighting
 12037 | D:10     | Noticed Fannar
 12053 | D:10     | Killed Fannar
 12408 | D:10     | Gained mutation: You do not regenerate when monsters are
                  | visible. [potion of mutation]
 12408 | D:10     | Gained mutation: You are occasionally teleported next to
                  | monsters. [potion of mutation]
 12408 | D:10     | Gained mutation: You are somewhat resistant to further
                  | mutation. [potion of mutation]
 12481 | D:11     | Reached ***** piety under Sif Muna
 12486 | D:11     | Noticed a six-headed hydra
 12541 | D:11     | Received a gift from Sif Muna
 12555 | D:11     | HP: 5/103 [wight/+3 great sword of freezing (3)]
 12556 | D:11     | Slain by a wight

Illustrated notes

Levels and vault maps discovered:
D:1:      psy_arrival_statuary, layout_basic, corexii_corridor_pit,
          minmay_pentomino_w4
D:2:      layout_rooms, lemuel_crystal_altar, uniq_jessica,
          uniq_crazy_yiuf_cottage
D:3:      layout_loops_cross, lemuel_coloured_pillars_altar
D:4:      layout_rooms, lemuel_doored_altar, grunt_gozag_statues,
          amethyst_overflow_temple_binary, hangedman_feature_mirror,
          uniq_eustachio, uniq_robin
D:5:      layout_loops_corners, tso_oasis_becter,
          nicolae_temple_entry_ecumenical, serial_shops, kennysheep_mini,
          basic_altar
D:6:      layout_loops_ring, nicolae_ashenzari_panopticon, serial_shops,
          nicolae_shop_crystal, nicolae_shop_window_shopping,
          nicolae_ossuary_entry_monument, uniq_edmund, uniq_duvessa
D:7:      layout_rooms, serial_shops, kennysheep_little_box
D:8:      layout_cave_pools, lemuel_crystal_altar, lemuel_crystal_altar,
          overflow_temple_1_default, grunt_dithmenos_smoke_and_mirrors,
          serial_shops, shop_statue, kennysheep_generic_room_3
D:9:      minmay_curly_fans, layout_rooms, marbit_many_paths,
          biasface_ghost_orc_armoury, nrook_mini_backslash, serial_bayou_pond_c
D:10:     layout_roguey, hangedman_decor_slide_cut, minivault_19, uniq_fannar
D:11:     layout_cave_pools, david_lair_shrubbed, hiddenorc2_lemuel,
          serial_park_tiny_1, lightli_minifort

Skill      XL: |  1  2  3  4  5  6  7  8  9 10 11 |
---------------+----------------------------------+-----
Unarmed Combat | 4 5 6 8 10 | 10.0
Poison Magic   | 1 |  1.5
Transmutations | 3 4 6 10 | 10.2
Fighting       | 3 10 11 | 11.6
Dodging        | 4 |  4.3
Spellcasting   | |  2.3

Action                   |  1- 3 |  4- 6 |  7- 9 | 10-12 || total
-------------------------+-------+-------+-------+-------++-------
Melee: Unarmed           |    92 |   108 |   397 |   253 ||   850
       Kick              |    17 |    11 |    62 |       ||    90
       Headbutt          |     9 |     5 |    42 |       ||    56
       Tailslap          |    11 |     8 |    29 |    20 ||    68
       Punch             |       |       |     8 |     5 ||    13
 Cast: Beastly Appendage |    20 |    24 |    42 |       ||    86
       Spider Form       |       |     4 |    15 |       ||    19
       Wereblood         |       |     4 |    19 |    16 ||    39
       Blade Hands       |       |       |     4 |    32 ||    36
 Abil: Breathe Fire      |       |       |     2 |       ||     2
  Use: Scroll            |       |       |     8 |     2 ||    10
       Potion            |       |       |       |     6 ||     6
 Stab: Sleeping          |     1 |       |       |       ||     1
Armor: Skin              |    33 |    25 |   108 |   128 ||   294
Dodge: Dodged            |    65 |    86 |   208 |   146 ||   505

Table legend: (Time is in decaauts)
 A = Elapsed time spent in this place.
 B = Non-inter-level travel time spent in this place.
 C = Inter-level travel time spent in this place.
 D = Time resting spent in this place.
 E = Time spent auto-exploring this place.
 F = Levels seen in this place.
 G = Mean time per level.
                   A        B        C        D        E       F      G
               +--------+--------+--------+--------+--------+-----+--------+
         Total |  12394 |  12116 |    278 |   1280 |   8805 |  12 | 1032.8 |
       Dungeon |  12045 |  11767 |    278 |   1280 |   8638 |  11 | 1095.0 |
       Ossuary |    348 |    348 |      0 |      0 |    167 |   1 |  348.0 |
               +--------+--------+--------+--------+--------+-----+--------+

Top non-repeatable levels by time:
     D:7: 1489 daAuts
    D:10: 1472 daAuts
     D:6: 1450 daAuts
     D:9: 1303 daAuts
     D:8: 1275 daAuts
     D:1: 1131 daAuts
     D:5: 1127 daAuts
     D:2: 1003 daAuts
     D:3: 873 daAuts
     D:4: 866 daAuts
 Ossuary: 348 daAuts
    D:11: 50 daAuts
